SL
THUNDER BAY NORTHERN LIONS BC @ MISSISSIPPI MOCKINGBIRDS
06/08/2042
 
TOP OF THE 1ST
Thunder Bay Northern Lions BC batting - Pitching for Mississippi Mockingbirds : RHP Gary Ashley
Pitching: RHP Gary Ashley
Batting: LHB Barry Flauker 0-0: Ball
1-0: Ball
2-0: Called Strike
2-1: Fly out, F7 (Flyball, 78M, EV 74.4 MPH)
Batting: RHB Charles Josse 0-0: Called Strike
0-1: Ball
1-1: Ground out 5-3 (Groundball, 56S, EV 62.5 MPH)
Batting: LHB Keaton Kringlen 0-0: Called Strike
0-1: Foul Ball, location: 2F
0-2: Ball
1-2: Fly out, F4 (Popup, 34S, EV 73.8 MPH)
Top of the 1st over - 0 runs, 0 hits, 0 errors, 0 left on base; Thunder Bay 0 - Mississippi 0
BOTTOM OF THE 1ST
Mississippi Mockingbirds batting - Pitching for Thunder Bay Northern Lions BC : RHP Jonathan Jones
Pitching: RHP Jonathan Jones
Batting: RHB Quinn Albracht 0-0: Ball
1-0: Ball
2-0: Fly out, F8 (Flyball, 78D, EV 91.9 MPH)
Batting: LHB Rylen Roersma 0-0: Ball
1-0: Ball
2-0: Ball
3-0: Called Strike
3-1: Swinging Strike
3-2: Fly out, F8 (Flyball, 78D, EV 97.5 MPH)
Batting: RHB Júlio Coronado 0-0: Ball
1-0: Ball
2-0: Ball
3-0: Base on Balls
Batting: RHB Doug Allerdale 0-0: Called Strike
0-1: Ball
1-1: Foul Ball, location: 2F
1-2: Hit by Pitch
Júlio Coronado to second
Batting: LHB Warren King 0-0: Ball
1-0: Called Strike
1-1: Swinging Strike
1-2: Strikes out swinging
Bottom of the 1st over - 0 runs, 0 hits, 0 errors, 2 left on base; Thunder Bay 0 - Mississippi 0
TOP OF THE 2ND
Thunder Bay Northern Lions BC batting - Pitching for Mississippi Mockingbirds : RHP Gary Ashley
Batting: LHB Yao-pang Chiang 0-0: Swinging Strike
0-1: Swinging Strike
0-2: Ball
1-2: Ball
2-2: Ball
3-2: Ground out 4-3 (Groundball, 4, EV 80.0 MPH)
Batting: RHB Curf Pierstisnips 0-0: Ball
1-0: Foul Ball, location: 2F
1-1: TRIPLE (Line Drive, 78XD, EV 104.4 MPH)
Batting: LHB Sébastien Cornu 0-0: Foul Ball, location: 2F
0-1: Ball
1-1: Ball
2-1: SINGLE (Flyball, 34D, EV 96.9 MPH)
Curf Pierstisnips scores
Batting: RHB Dusty Crum 0-0: Called Strike
0-1: DOUBLE (Line Drive, 78D, EV 103.1 MPH)
Sébastien Cornu to third
Batting: RHB Cord Hosenbeck 0-0: Ball
1-0: Ball
2-0: Foul Ball, location: 2F
2-1: Foul Ball, location: 2F
2-2: Ball
3-2: Foul Ball, location: 2F
3-2: SINGLE (Line Drive, 78S, EV 105.0 MPH)
Sébastien Cornu scores
Dusty Crum to third
Batting: RHB Álex Chávez 0-0: Ball
1-0: Ball
2-0: Fly out, F7 (Flyball, 7S, EV 83.1 MPH)
Batting: LHB Barry Flauker 0-0: Called Strike
0-1: Foul Ball, location: 2F
0-2: Foul Ball, location: 2F
0-2: Ground out 5-3 (Groundball, 56S, EV 86.2 MPH)
Top of the 2nd over - 2 runs, 4 hits, 0 errors, 2 left on base; Thunder Bay 2 - Mississippi 0
BOTTOM OF THE 2ND
Mississippi Mockingbirds batting - Pitching for Thunder Bay Northern Lions BC : RHP Jonathan Jones
Batting: RHB Dean Shamakani 0-0: SINGLE (Line Drive, 78S, EV 103.1 MPH)
Batting: LHB Riley Rowbery 0-0: Ball
1-0: Called Strike
1-1: Ball
2-1: Ball
3-1: 2-RUN HOME RUN (Flyball, 89XD, EV 90.0 MPH), Distance : 396 ft
Batting: SHB Jorge Indiano 0-0: Fly out, F4 (Popup, 4, EV 68.8 MPH)
Batting: RHB Jorge Muńóz 0-0: Ball
1-0: Fly out, F8 (Line Drive, 8RM, EV 91.2 MPH)
Batting: RHB Quinn Albracht 0-0: Swinging Strike
0-1: Ball
1-1: Ball
2-1: Foul Ball, location: 2F
2-2: Ground out 5-3 (Groundball, 56S, EV 88.1 MPH)
Bottom of the 2nd over - 2 runs, 2 hits, 0 errors, 0 left on base; Thunder Bay 2 - Mississippi 2
TOP OF THE 3RD
Thunder Bay Northern Lions BC batting - Pitching for Mississippi Mockingbirds : RHP Gary Ashley
Batting: RHB Charles Josse 0-0: Ball
1-0: Ground out 5-3 (Groundball, 56S, EV 85.6 MPH)
Batting: LHB Keaton Kringlen 0-0: Called Strike
0-1: Ball
1-1: Ball
2-1: Called Strike
2-2: Foul Ball, location: 2F
2-2: Strikes out swinging
Batting: LHB Yao-pang Chiang 0-0: Ball
1-0: Ball
2-0: Swinging Strike
2-1: Fly out, F7 (Flyball, 7LS, EV 82.5 MPH)
Top of the 3rd over - 0 runs, 0 hits, 0 errors, 0 left on base; Thunder Bay 2 - Mississippi 2
BOTTOM OF THE 3RD
Mississippi Mockingbirds batting - Pitching for Thunder Bay Northern Lions BC : RHP Jonathan Jones
Batting: LHB Rylen Roersma 0-0: Called Strike
0-1: Ball
1-1: SINGLE (Flyball, 89S, EV 92.5 MPH)
Batting: RHB Júlio Coronado 0-0: Ball
1-0: Foul Ball, location: 2F
1-1: Called Strike
1-2: Ball
2-2: Hit by Pitch
Rylen Roersma to second
Batting: RHB Doug Allerdale 0-0: Foul Ball, location: 2F
0-1: Ball
1-1: Fly out, F8 (Flyball, 8LS, EV 91.2 MPH)
Batting: LHB Warren King 0-0: Fielders Choice at 2nd, 1-6 (Groundball, 13S, EV 66.9 MPH)
Rylen Roersma to third
Batting: RHB Dean Shamakani 0-0: Ball
1-0: Ground out U3 (Groundball, 34, EV 99.4 MPH)
Bottom of the 3rd over - 0 runs, 1 hit, 0 errors, 2 left on base; Thunder Bay 2 - Mississippi 2
TOP OF THE 4TH
Thunder Bay Northern Lions BC batting - Pitching for Mississippi Mockingbirds : RHP Gary Ashley
Batting: RHB Curf Pierstisnips 0-0: Swinging Strike
0-1: Foul Ball, location: 2F
0-2: Ball
1-2: Ball
2-2: Ground out 4-3 (Groundball, 4M, EV 105.0 MPH)
Batting: LHB Sébastien Cornu 0-0: Ball
1-0: Foul Ball, location: 2F
1-1: Ball
2-1: Ball
3-1: Foul Ball, location: 2F
3-2: Foul Ball, location: 2F
3-2: Base on Balls
Batting: RHB Dusty Crum 0-0: Called Strike
0-1: Called Strike
0-2: Grounds into double play, 4-6-3 (Groundball, 4M, EV 90.6 MPH)
Top of the 4th over - 0 runs, 0 hits, 0 errors, 0 left on base; Thunder Bay 2 - Mississippi 2
BOTTOM OF THE 4TH
Mississippi Mockingbirds batting - Pitching for Thunder Bay Northern Lions BC : RHP Jonathan Jones
Batting: LHB Riley Rowbery 0-0: Called Strike
0-1: Fly out, F8 (Flyball, 8RD, EV 100.0 MPH)
Batting: SHB Jorge Indiano 0-0: Ball
1-0: Foul Ball, location: 2F
1-1: Ground out 4-3 (Groundball, 34, EV 89.4 MPH)
Batting: RHB Jorge Muńóz 0-0: Called Strike
0-1: Ball
1-1: Foul Ball, location: 2F
1-2: Foul Ball, location: 2F
1-2: SINGLE (Flyball, 34D, EV 92.5 MPH)
Batting: RHB Quinn Albracht 0-0: Called Strike
0-1: Fielders Choice at 2nd, 6-4 (Groundball, 6, EV 104.4 MPH)
Bottom of the 4th over - 0 runs, 1 hit, 0 errors, 1 left on base; Thunder Bay 2 - Mississippi 2
TOP OF THE 5TH
Thunder Bay Northern Lions BC batting - Pitching for Mississippi Mockingbirds : RHP Gary Ashley
Pitching: RHP Tom Holloway
Batting: RHB Cord Hosenbeck 0-0: Called Strike
0-1: DOUBLE (Flyball, 8RD, EV 90.6 MPH)
Batting: RHB Álex Chávez 0-0: Foul Ball, location: 2F
0-1: Ball
1-1: Foul Ball, location: 2F
1-2: Ball
2-2: Strikes out looking
Batting: LHB Barry Flauker 0-0: Ball
1-0: Ball
2-0: Ball
3-0: Called Strike
3-1: Base on Balls
Batting: RHB Charles Josse 0-0: Foul Ball, location: 2F
0-1: Ground out 6-3 (Groundball, 4MS, EV 83.8 MPH)
Cord Hosenbeck to third
Barry Flauker to second
Batting: LHB Keaton Kringlen 0-0: Called Strike
0-1: Called Strike
0-2: Ball
1-2: Fly out, F6 (Popup, 6M, EV 70.0 MPH)
Top of the 5th over - 0 runs, 1 hit, 0 errors, 2 left on base; Thunder Bay 2 - Mississippi 2
BOTTOM OF THE 5TH
Mississippi Mockingbirds batting - Pitching for Thunder Bay Northern Lions BC : RHP Jonathan Jones
Batting: LHB Rylen Roersma 0-0: Ball
1-0: Ground out 5-3 (Groundball, 56S, EV 93.1 MPH)
Batting: RHB Júlio Coronado 0-0: Called Strike
0-1: Called Strike
0-2: Ball
1-2: Fly out, F8 (Line Drive, 8RD, EV 90.6 MPH)
Batting: RHB Doug Allerdale 0-0: Ball
1-0: Foul Ball, location: 2F
1-1: Ground out U3 (Groundball, 34, EV 105.0 MPH)
Bottom of the 5th over - 0 runs, 0 hits, 0 errors, 0 left on base; Thunder Bay 2 - Mississippi 2
TOP OF THE 6TH
Thunder Bay Northern Lions BC batting - Pitching for Mississippi Mockingbirds : RHP Tom Holloway
Batting: LHB Yao-pang Chiang 0-0: Ball
1-0: Called Strike
1-1: Swinging Strike
1-2: Ball
2-2: Reached via error on a dropped throw from 1B, E1 (Groundball, 3S, EV 61.2 MPH)
Batting: RHB Curf Pierstisnips 0-0: Ball
1-0: Ball
2-0: Fielders Choice at 2nd, 4-6 (Groundball, 4, EV 103.1 MPH)
Batting: LHB Sébastien Cornu 0-0: Called Strike
0-1: Ball
1-1: Grounds into double play, 4-6-3 (Groundball, 34, EV 81.2 MPH)
Top of the 6th over - 0 runs, 0 hits, 1 error, 0 left on base; Thunder Bay 2 - Mississippi 2
BOTTOM OF THE 6TH
Mississippi Mockingbirds batting - Pitching for Thunder Bay Northern Lions BC : RHP Jonathan Jones
Batting: LHB Warren King 0-0: Ball
1-0: Swinging Strike
1-1: Fly out, F8 (Flyball, 8LM, EV 80.6 MPH)
Batting: RHB Dean Shamakani 0-0: Called Strike
0-1: Foul Ball, location: 2F
0-2: Ball
1-2: Ground out 1-3 (Groundball, 13S, EV 68.8 MPH)
Batting: LHB Riley Rowbery 0-0: Ball
1-0: Ball
2-0: Ball
3-0: Called Strike
3-1: Foul Ball, location: 2F
3-2: Foul Ball, location: 2F
3-2: Strikes out swinging
Bottom of the 6th over - 0 runs, 0 hits, 0 errors, 0 left on base; Thunder Bay 2 - Mississippi 2
TOP OF THE 7TH
Thunder Bay Northern Lions BC batting - Pitching for Mississippi Mockingbirds : RHP Tom Holloway
Batting: RHB Dusty Crum 0-0: Ball
1-0: Ball
2-0: Ground out 6-3 (Groundball, 6M, EV 102.5 MPH)
Batting: RHB Cord Hosenbeck 0-0: Ball
1-0: Ground out 6-3 (Groundball, 6, EV 85.0 MPH)
Batting: RHB Álex Chávez 0-0: Ball
1-0: Foul Ball, location: 2F
1-1: Ball
2-1: TRIPLE (Line Drive, 78XD, EV 102.5 MPH)
Pitching: RHP Ewan Atwood
Batting: LHB Barry Flauker 0-0: Ball
1-0: Called Strike
1-1: Swinging Strike
1-2: Strikes out swinging
Top of the 7th over - 0 runs, 1 hit, 0 errors, 1 left on base; Thunder Bay 2 - Mississippi 2
BOTTOM OF THE 7TH
Mississippi Mockingbirds batting - Pitching for Thunder Bay Northern Lions BC : RHP Jonathan Jones
Batting: SHB Jorge Indiano 0-0: Foul Ball, location: 2F
0-1: Called Strike
0-2: Ground out 6-3 (Groundball, 6M, EV 99.4 MPH)
Batting: RHB Jorge Muńóz 0-0: Foul Ball, location: 2F
0-1: Ball
1-1: Called Strike
1-2: Ball
2-2: SINGLE (Groundball, 6MD, EV 99.4 MPH)
Batting: RHB Quinn Albracht 0-0: Called Strike
0-1: Swinging Strike
0-2: Ground out 4-3 (Groundball, 4S, EV 75.0 MPH)
Jorge Muńóz to second
Batting: LHB Rylen Roersma 0-0: Foul Ball, location: 2F
0-1: DOUBLE (Line Drive, 7LD, EV 110.6 MPH)
Jorge Muńóz scores
Batting: RHB Júlio Coronado 0-0: Swinging Strike
0-1: Ball
1-1: DOUBLE (Line Drive, 89D, EV 108.8 MPH)
Rylen Roersma scores
Batting: RHB Doug Allerdale 0-0: Ball
Wild Pitch!
Júlio Coronado to third
1-0: Fly out, F8 (Flyball, 8RM, EV 90.6 MPH)
Bottom of the 7th over - 2 runs, 3 hits, 0 errors, 1 left on base; Thunder Bay 2 - Mississippi 4
TOP OF THE 8TH
Thunder Bay Northern Lions BC batting - Pitching for Mississippi Mockingbirds : RHP Ewan Atwood
Batting: RHB Charles Josse 0-0: Ball
1-0: Foul Ball, location: 2F
1-1: Swinging Strike
1-2: Ball
2-2: Fly out, F8 (Flyball, 8RS, EV 88.1 MPH)
Batting: LHB Keaton Kringlen 0-0: Swinging Strike
0-1: Foul Ball, location: 2F
0-2: Fly out, F8 (Flyball, 8LM, EV 78.1 MPH)
Batting: LHB Yao-pang Chiang 0-0: Ball
1-0: Swinging Strike
1-1: Swinging Strike
1-2: Strikes out swinging
Top of the 8th over - 0 runs, 0 hits, 0 errors, 0 left on base; Thunder Bay 2 - Mississippi 4
BOTTOM OF THE 8TH
Mississippi Mockingbirds batting - Pitching for Thunder Bay Northern Lions BC : RHP Jonathan Jones
Batting: LHB Warren King 0-0: Ball
1-0: Called Strike
1-1: Fly out, F8 (Flyball, 8RM, EV 77.5 MPH)
Batting: RHB Dean Shamakani 0-0: Ball
1-0: Ground out 1-3 (Groundball, 15, EV 76.9 MPH)
Batting: LHB Riley Rowbery 0-0: Ball
1-0: Foul Ball, location: 2F
1-1: Ball
2-1: Ground out 1-3 (Groundball, 34S, EV 84.4 MPH)
Bottom of the 8th over - 0 runs, 0 hits, 0 errors, 0 left on base; Thunder Bay 2 - Mississippi 4
TOP OF THE 9TH
Thunder Bay Northern Lions BC batting - Pitching for Mississippi Mockingbirds : RHP Ewan Atwood
Pitching: RHP Javier Benavides
Batting: RHB Curf Pierstisnips 0-0: Reached on error, E6 (Groundball, 56, EV 102.5 MPH)
Batting: LHB Sébastien Cornu 0-0: Foul Ball, location: 2F
0-1: Ball
1-1: Called Strike
1-2: Strikes out swinging, 2-3 out at first.
Batting: RHB Dusty Crum 0-0: Ground out 5-3 (Groundball, 56S, EV 88.1 MPH)
Pinch Hitting: LHB Ramón Padilla 0-0: Ball
1-0: Called Strike
1-1: Fly out, F8 (Flyball, 8LM, EV 75.6 MPH)
Top of the 9th over - 0 runs, 0 hits, 1 error, 1 left on base; Thunder Bay 2 - Mississippi 4
Friday, March 26th, 2021 - OOTP Baseball 20.8 Build 74